Map: Alcyone LE

Players

Applepi - Winner!

  • Race: Zerg Zerg
  • League: Bronze
  • Spawn Location: 1:00

A.I. 1 (Very Easy)

  • Race: Terran Terran
  • Spawn Location: 7:00

VOD

Have the link to the VOD?

Description

Time

  • Played on: May 8, 2025, 11:01 a.m.
  • Length: 9:15
Show
View Real Time Build Order
Export as new Build Order

Applepi Zerg - Winner!

Build Orders: Pool First 

Get SALT Encoding   

  12  0:02  Drone  
  13  0:08  Drone  
  14  0:16  Overlord  
  14  0:35  Drone  
  15  0:37  Drone  
  15  0:39  Drone  
  17  0:43  Extractor  
  16  0:50  Spawning Pool  
  16  0:52  Drone  
  16  0:59  Drone  
  17  1:08  Overlord  
  17  1:19  Drone  
  18  1:30  Drone  
  19  1:36  Queen  
  21  1:46  Drone  
  22  2:04  Zergling x2  
  22  2:05  Zergling x2  
  24  2:12  Queen  
  24  2:13  Hatchery  
  25  2:16  Drone  
  26  2:23  Overlord  
  26  2:34  Drone  
  27  2:46  Drone  
  27  2:47  Drone x2  
  30  2:59  Drone  
  31  3:09  Drone  
  32  3:16  Queen  
  34  3:29  Drone  
  35  3:35  Queen  
  37  3:41  Drone  
  37  3:42  Drone x2  
  40  3:52  Evolution Chamber  
  39  3:58  Roach Warren  
  38  4:09  Overlord  
  38  4:13  Drone x2  
  38  4:14  Drone  
  41  4:26  Extractor  
  40  4:37  Zerg Missile Weapons Level 1  
  40  4:41  Roach x6  
  52  4:50  Overlord x2  
  52  5:09  Drone x2  
  52  5:10  Drone x2  
  52  5:13  Overlord x2  
  56  5:16  Roach x2  
  56  5:17  Roach x2  
  56  5:18  Roach  
  66  5:24  Lair  
  66  5:30  Overlord  
  70  5:35  Roach x2  
  70  5:36  Roach x3  
  76  5:46  Metabolic Boost  
  76  5:50  Roach  
  76  5:51  Roach x3  
  84  6:01  Roach  
  84  6:03  Roach  
  88  6:04  Roach  
  90  6:15  Overlord  
  90  6:22  Zergling x2  
  90  6:23  Zergling x2  
  92  6:31  Zerg Melee Weapons Level 1  
  92  6:39  Overlord x2  
  92  6:43  Roach  
  92  6:44  Roach x3  
  100  7:04  Drone x2  
  102  7:12  Drone x2  
  104  7:16  Overlord x2  
  104  7:19  Roach x3  
  104  7:20  Roach  
  104  7:21  Roach x2  
  116  7:30  Glial Reconstitution  
  116  7:44  Roach  
  118  7:47  Drone  
  118  7:48  Drone x2  
  118  7:49  Drone  
  118  7:50  Drone x2  
  124  7:55  Extractor  
  124  7:57  Extractor  
  122  7:59  Roach x2  
  126  8:11  Overlord  
  126  8:12  Overlord  
  126  8:17  Roach  
  126  8:18  Roach x2  
  131  8:33  Roach x7  
  143  8:43  Overlord x2  
  143  8:54  Roach  
  143  8:55  Roach  
  147  8:56  Overlord x2  
Show
View Real Time Build Order
Export as new Build Order

A.I. 1 (Very Easy) Terran 

Build Orders:  

Get SALT Encoding   

  12  0:00  SCV  
  13  0:13  SCV  
  14  0:18  Supply Depot  
  14  0:36  Refinery  
  14  0:42  Barracks  
  14  1:05  Supply Depot  
  14  1:11  Refinery  
  14  1:29  Marine  
  14  1:30  SCV  
  16  1:42  SCV  
  17  1:54  SCV  
  18  2:03  Marine  
  18  2:06  SCV  
  20  2:18  SCV  
  21  2:30  SCV  
  22  2:38  Marine  
  22  2:43  Orbital Command  
  23  5:54  SCV  
  23  5:55  Marine  
  25  5:57  Supply Depot  
  25  5:59  Factory  
  25  6:07  SCV  
  26  6:19  SCV  
  26  6:20  Supply Depot  
  27  6:28  Barracks Tech Lab  
  27  6:31  SCV  
  25  6:43  SCV  
  25  6:46  Marauder  
  28  6:47  Starport  
  28  6:49  Command Center  
  28  7:18  Marine  
  29  7:25  Starport Tech Lab  
  29  7:46  Raven  
  29  7:50  Marine  
  32  8:02  SCV  
  33  8:09  SCV  
  34  8:13  Refinery  
  34  8:15  Refinery  
  34  8:17  SCV  
  35  8:20  Raven  
  35  8:22  Marine  
  35  8:24  SCV  
  38  8:31  SCV  
  34  8:39  SCV  
  35  8:46  SCV  
  30  8:53  SCV  
  27  9:00  SCV  
Tags
 
League
Bronze
Matchup
TvZ
Opening
Pool First
Spawn Locations
Cross Positions
Add a new tag
Caveats
  • Supply blocks, unpowered buildings, or Contaminate may cause inaccurate times.
  • Supply counts are checked every 10 seconds.